 Dungeon Crawl Stone Soup version 0.20.1-1-g8b1a95d (webtiles) character file.

14949 Jazqa the Fighter (level 12, -5/126 HPs)
             Began as a Gargoyle Fighter on Oct 24, 2017.
             Was an Elder of the Shining One.
             Slain by Rupert
             ... wielding a +1 great mace of draining
              (15 damage)
             ... on level 4 of the Lair of Beasts.
             The game lasted 00:26:31 (12592 turns).

Jazqa the Fighter (Gargoyle Fighter)               Turns: 12592, Time: 00:26:31

Health: -5/126     AC: 24    Str: 30    XL:     12   Next: 21%
Magic:  14/14      EV:  9    Int: 11    God:    the Shining One [****..]
Gold:   688        SH: 12    Dex: 10    Spells: 11/11 levels left

rFire    + . .     SeeInvis .   j - +5 flail
rCold    + . .     Gourm    .   c - +0 shield
rNeg     + + +     Faith    .   H - +3 scale mail {rF+}
rPois    ∞         Spirit   .   (no helmet)
rElec    +         Reflect  .   (no cloak)
rCorr    .         Harm     .   t - +0 pair of gloves
MR       .....                  a - +2 pair of boots
Stlth    ..........             (no amulet)
Regen    0.4/turn               S - +3 ring of strength
MPRegen  0.2/turn               C - ring of protection from cold

@: berserking (expiring), glowing, very quick
A: negative energy resistance 1, electricity resistance, unbreathing,
petrification resistance, rot immunity, AC +8
a: Divine Shield, Cleansing Flame, Renounce Religion


You were on level 4 of the Lair of Beasts.
You worshipped the Shining One.
The Shining One was greatly pleased with you.
You were not hungry.

You visited 3 branches of the dungeon, and saw 13 of its levels.
You also visited: Sewer and Ossuary.

You collected 688 gold pieces.


Innate Abilities, Weirdness & Mutations

You are resistant to torment.
Your stone body is resilient. (AC +8)
You are immune to poison.
You resist negative energy. (rN+)
You are resistant to electric shocks. (rElec)
You can survive without breathing.
You are immune to petrification.
You are immune to rotting.


   Skills:
 + Level 13.0 Fighting
 + Level 11.9 Maces & Flails
 + Level 7.6 Armour
 + Level 1.8 Dodging
 + Level 7.8 Shields
 + Level 3.4 Invocations


You had 11 spell levels left.
You didn't know any spells.

Inventory:

Hand Weapons
 j - a +5 flail (weapon)
 E - the +1 mace "Zegupnihi" {venom, *Rage Str+5}
   (You found it on level 4 of the Lair of Beasts)

   It poisons the flesh of those it strikes.
   It affects your strength (+5).
   It may make you go berserk in combat.
Armour
 a - a +2 pair of boots (worn)
 b - a +1 chain mail of cold resistance
 c - a +0 shield (worn)
 t - a +0 pair of gloves (worn)
 H - a +3 scale mail of fire resistance (worn)
 Q - a +2 plate armour of cold resistance
Jewellery
 C - a ring of protection from cold (right hand)
 F - an uncursed ring of fire
 S - a +3 ring of strength (left hand)
Wands
 g - a wand of lightning (7/15)
 i - a wand of paralysis (16/24)
 M - a wand of flame (30/48)
 U - a wand of digging (7/24)
Scrolls
 e - a scroll of immolation {!r}
 l - a scroll of noise {unknown}
 o - 7 scrolls of teleportation {@r4}
 p - 2 scrolls of remove curse {@r2}
 q - a scroll of fear
 v - a scroll of recharging {unknown}
 y - a scroll of enchant weapon
 G - a scroll of enchant armour
 J - 2 scrolls of fog
 K - a scroll of blinking {unknown}
 L - a scroll of holy word {unknown}
 N - a scroll of amnesia
 X - a scroll of summoning {unknown}
Potions
 d - 8 potions of curing {@q1}
 h - 3 potions of flight
 k - a potion of mutation {unknown}
 m - 11 potions of heal wounds {@q2}
 r - 3 potions of might
 u - a potion of invisibility {unknown}
 x - 2 potions of magic
 A - 2 potions of berserk rage {!q}
 B - a potion of ambrosia {unknown}
 D - 2 potions of lignification {!q}
 I - 2 potions of resistance
 O - a potion of brilliance {unknown}
 P - 3 potions of haste {unknown}
Books
 n - a book of Misfortune

   Spells                             Type                      Level
   a - Confusing Touch                Hexes                        1
   b - Confuse                        Hexes                        3
   c - Gell's Gravitas                Translocation                3
   d - Petrify                        Transmutation/Earth          4
   e - Metabolic Englaciation         Hexes/Ice                    5
   f - Yara's Violent Unravelling     Hexes/Transmutation          5
Miscellaneous
 Z - a lamp of fire
Comestibles
 f - 10 bread rations {@e1}
 s - 5 meat rations {@e1}
 w - 5 royal jellies {@e3}
 z - 2 chunks of flesh
 T - a fruit {@e2}

Dungeon Overview and Level Annotations

Branches:
Dungeon (8/15)             Temple (1/1) D:6            Lair (4/6) D:8
 Spider (0/4) Lair:3
  Swamp: Lair:2-4    Shoals: Lair:2-4

Altars:
Ashenzari
Dithmenos
Elyvilon
Fedhas
Gozag
Hepliaklqana
Kikubaaqudgha
Makhleb
Nemelex Xobeh
Qazlal
Ru
Sif Muna
Trog
Uskayaw
Vehumet
Xom
Yredelemnul
Zin
The Shining One

Shops:
D:8 *

Annotations:
Lair:1 Gastronok
Lair:4 Rupert

#@ #..P#..# .###.....# ♣♣
?....#..##
≈≈♣♣♣...$....##
...♣...♣.........
♣.....♣.[.......
♣♣♣.......... ♣
♣♣♣♣♣♣...@........
♣♣♣♣♣♣♣♣........@..P.....
..##....#.#.#...##..P....
####.......#....# ..#..##
#..#>......>.# .##..#
#.............#.## ..#
#..#............. #
#...............#
#..#...#........##
#...#..#...........


You could see Rupert (berserk).


Message History

Unknown command.
You hit Rupert.
Rupert is lightly wounded.
Rupert hits you but does no damage.
Unknown command.
You are too berserk!
You bludgeon Rupert!!
Rupert is moderately wounded.
You block Rupert's attack.
Unknown command.
You sock Rupert!
Rupert is moderately wounded.
Unknown command.
You bludgeon Rupert!!
Rupert is heavily wounded.
Rupert hits you but does no damage.
Unknown command.
You hit Rupert.
Rupert is heavily wounded.
You block Rupert's attack.
Unknown command.
You sock Rupert!
Rupert is heavily wounded.
You bludgeon Rupert!!
Rupert is severely wounded.
You block Rupert's attack.
You hit Rupert but do no damage.
Rupert is severely wounded.
Rupert hits you with a great mace of draining!
You die...

Skill      XL: |  1  2  3  4  5  6  7  8  9 10 11 12 |
---------------+-------------------------------------+-----
Fighting       | 4 5 6 7 9 11 12 13 | 13.0
Maces & Flails | 3 4 5 6 8 10 11 | 11.9
Armour         | 5 7 |  7.6
Shields        | 5 7 |  7.8
Invocations    | 2 3 |  3.4
Dodging        | 1 |  1.8

Action                   |  1- 3 |  4- 6 |  7- 9 | 10-12 || total
-------------------------+-------+-------+-------+-------++-------
Melee: Flail             |   164 |   304 |   365 |   467 ||  1300
       Mace              |       |       |       |    23 ||    23
Invok: Divine Shield     |       |       |       |     1 ||     1
  Use: Potion            |       |     1 |       |     1 ||     2
       Scroll            |       |       |    14 |     6 ||    20
  Eat: Chunk             |     1 |     8 |     8 |    18 ||    35
       Fruit             |       |       |     3 |       ||     3
       Royal jelly       |       |       |     1 |       ||     1
Armor: Scale mail        |   117 |   223 |   113 |   239 ||   692
       Chain mail        |       |       |    78 |    26 ||   104
Dodge: Dodged            |    56 |   111 |    87 |   142 ||   396
Block: Shield            |    84 |   193 |   170 |   289 ||   736

Vault maps used:
D:1:      dpeg_arrival_pits
D:2:      first_bread, serial_bayou_pond_a, uniq_jessica
D:3:      nicolae_dithmenos_shadow_blocks, cheibrodos_sewer_entry_drain,
          minmay_rat_hole
D:4:      led_sif_book, uniq_sigmund
D:5:      kennysheep_mini
D:6:      minmay_temple_entry_purple_smoke, uniq_eustachio
D:7:      lemuel_crystal_altar, bloody_trog, makhleb_grotto_becter,
          nicolae_ossuary_entry_catacombs, uniq_duvessa, uniq_joseph
D:8:      minmay_lair_entry_grove, serial_shops, shop
Temple:   dshaligram_water_room_temple
Lair:1:   nicolae_quartered_pool_medium, infiniplex_staircase_pool,
          lemuel_fruit_tree, uniq_gastronok
Lair:2:   kennysheep_rathole
Lair:3:   spider_nest_entry_web_field, beast_lair_carwin_5
Lair:4:   nicolae_swamp_entry_splash_gauntlet, uniq_rupert
Sewer:    kennysheep_pipe_town
Ossuary:  ossuary_due_cavern

Notes
Turn   | Place    | Note
-------+----------+-------------------------------------------
     0 | D:1      | Jazqa the Gargoyle Fighter began the quest for the Orb.
     0 | D:1      | Reached XP level 1. HP: 14/14 MP: 1/1
   198 | D:1      | Reached XP level 2. HP: 19/19 MP: 2/2
   687 | D:1      | Reached skill level 4 in Fighting
   687 | D:1      | Reached XP level 3. HP: 23/24 MP: 3/3
  1061 | D:2      | Reached skill level 3 in Maces & Flails
  1186 | D:2      | Reached XP level 4. HP: 17/30 MP: 4/4
  1551 | D:2      | Noticed Jessica
  1569 | D:2      | Killed Jessica
  1571 | D:2      | Reached XP level 5. HP: 30/34 MP: 5/5
  2098 | D:3      | Found a shadowy altar of Dithmenos.
  2107 | D:3      | Reached skill level 5 in Fighting
  2127 | D:3      | Reached skill level 4 in Maces & Flails
  2215 | D:3      | Found a glowing drain.
  2235 | Sewer    | Entered a sewer
  2559 | Sewer    | Noticed a big kobold
  2561 | Sewer    | Reached XP level 6. HP: 40/40 MP: 6/6
  3313 | D:4      | Noticed Sigmund
  3324 | D:4      | Reached skill level 6 in Fighting
  3364 | D:5      | Entered Level 5 of the Dungeon
  3432 | D:5      | Noticed a sky beast
  3433 | D:5      | Noticed an ice beast
  3459 | D:5      | Killed a sky beast
  3459 | D:5      | Reached skill level 5 in Maces & Flails
  3475 | D:5      | Killed an ice beast
  3475 | D:5      | Reached XP level 7. HP: 35/47 MP: 7/7
  3714 | D:5      | Reached skill level 7 in Fighting
  3714 | D:5      | Reached skill level 6 in Maces & Flails
  3922 | D:5      | Reached XP level 8. HP: 35/53 MP: 8/8
  4065 | D:5      | Found a glowing silver altar of Zin.
  4408 | D:4      | Killed Sigmund
  4408 | D:4      | Reached skill level 8 in Fighting
  4408 | D:4      | Reached skill level 7 in Maces & Flails
  4761 | D:4      | Found a deep blue altar of Sif Muna.
  5266 | D:6      | Noticed Eustachio
  5266 | D:6      | Found a staircase to the Ecumenical Temple.
  5276 | Temple   | Entered the Ecumenical Temple
  5294 | Temple   | Killed Eustachio
  5294 | Temple   | Reached skill level 9 in Fighting
  5637 | Temple   | Became a worshipper of the Shining One
  5657 | D:6      | Reached skill level 8 in Maces & Flails
  5734 | D:6      | Reached XP level 9. HP: 52/60 MP: 9/9
  6420 | D:7      | Noticed Joseph
  6441 | D:7      | Killed Joseph
  6441 | D:7      | Reached skill level 10 in Fighting
  6605 | D:7      | Reached skill level 9 in Maces & Flails
  6613 | D:7      | Found a sand-covered staircase.
  6615 | D:7      | Reached * piety under the Shining One
  6622 | Ossuary  | Entered an ossuary
  6724 | Ossuary  | Reached ** piety under the Shining One
  7080 | D:7      | Noticed Duvessa
  7080 | D:7      | Noticed Dowan
  7087 | D:7      | Killed Dowan
  7100 | D:7      | Killed Duvessa
  7186 | D:7      | Found a bloodstained altar of Trog.
  7214 | D:7      | Reached skill level 11 in Fighting
  7214 | D:7      | Reached skill level 10 in Maces & Flails
  7214 | D:7      | Reached XP level 10. HP: 63/69 MP: 10/10
  7332 | D:7      | Found a sparkling altar of Nemelex Xobeh.
  7496 | D:7      | Found a burning altar of Makhleb.
  7534 | D:7      | Reached *** piety under the Shining One
  7754 | D:8      | Found Noorag's Assorted Antiques.
  7891 | D:8      | Reached skill level 4 in Armour
  7907 | D:7      | Reached skill level 4 in Shields
  8182 | D:8      | Found a staircase to the Lair.
  8269 | D:8      | Noticed a two-headed ogre
  8281 | D:8      | Killed a two-headed ogre
  8281 | D:8      | Reached skill level 5 in Armour
  8281 | D:8      | Reached skill level 5 in Shields
  8693 | Lair:1   | Entered Level 1 of the Lair of Beasts
  8735 | Lair:1   | Reached skill level 12 in Fighting
  8909 | Lair:1   | Noticed Gastronok
  8915 | Lair:1   | Noticed an eight-headed hydra
  8975 | Lair:2   | Reached XP level 11. HP: 44/76 MP: 11/11
  9106 | Lair:2   | Identified 2 potions of resistance
  9170 | Lair:2   | Reached skill level 11 in Maces & Flails
  9179 | Lair:2   | Reached **** piety under the Shining One
  9221 | Lair:2   | Reached skill level 6 in Armour
  9221 | Lair:2   | Reached skill level 6 in Shields
 10382 | Lair:3   | Noticed a seven-headed hydra
 10394 | Lair:3   | Killed a seven-headed hydra
 10394 | Lair:3   | Reached skill level 7 in Armour
 10394 | Lair:3   | Reached skill level 7 in Shields
 10904 | Lair:3   | Reached skill level 1 in Invocations
 11256 | Lair:3   | Found a hole to the Spider Nest.
 11565 | Lair:3   | Reached skill level 2 in Invocations
 11677 | Lair:3   | Reached skill level 1 in Dodging
 11733 | Lair:3   | Reached XP level 12. HP: 82/82 MP: 13/13
 12090 | Lair:4   | Got a scorched mace
 12093 | Lair:4   | Identified the cursed +1 mace "Zegupnihi" {venom, *Rage Str+5} (You found it on level 4 of the Lair of Beasts)
 12347 | Lair:4   | Reached skill level 13 in Fighting
 12350 | Lair:4   | Reached skill level 3 in Invocations
 12566 | Lair:4   | Noticed Rupert
 12581 | Lair:4   | HP: 8/126 [Rupert/great mace of draining (31)]
 12592 | Lair:4   | Slain by Rupert

Vanquished Creatures
  A hydra (Lair:3)
  A two-headed ogre (D:8)
  Joseph (D:7)
  2 black mambas
  4 spiny frogs
  3 komodo dragons
  3 hippogriffs
  9 blink frogs
  Sigmund (D:4)
  2 wraiths (Ossuary)
  9 yaks
  Eustachio (Temple)
  A basilisk (Lair:1)
  A wyvern (Lair:2)
  Duvessa (D:7)
  10 water moccasins
  13 porcupines
  2 black bears
  An orc warrior (D:6)
  An ice beast (D:5)
  An ogre (D:6)
  2 sky beasts (D:5)
  4 wolves (Lair:3)
  A centaur (D:6)
  9 crocodiles
  A big kobold (Sewer)
  2 elf zombies (D:7)
  4 bullfrogs
  A wyvern zombie (D:8)
  2 scorpions
  Dowan (D:7)
  A howler monkey (D:6)
  2 wights (Ossuary)
  An electric eel (Lair:1)
  4 crimson imps
  A quasit (D:7)
  2 centaur zombies
  3 orc priests
  2 bullfrog zombies (D:7)
  2 jellies (D:7)
  5 hounds
  7 orc wizards
  3 bullfrog skeletons
  Jessica (D:2)
  An iguana (D:6)
  2 hell rats (Lair:2)
  4 worker ants
  A hound skeleton (D:6)
  9 adders
  7 river rats (Lair:2)
  2 shadow imps
  3 oozes
  3 adder skeletons
  3 dart slugs
  3 worms
  4 leopard geckos
  24 orcs
  9 bats
  14 giant cockroaches
  10 goblins
  8 hobgoblins
  5 jackals
  23 kobolds
  6 quokkas
  2 ball pythons (Sewer)
  2 ball python skeletons (Ossuary)
  3 frilled lizards
  A hobgoblin skeleton (Ossuary)
  2 hobgoblin zombies (Ossuary)
  5 orc skeletons
  2 orc zombies (D:7)
  27 rats
314 creatures vanquished.

Vanquished Creatures (others)
  4 fungi (Lair:2)
  A plant (Lair:2)
5 creatures vanquished.

Grand Total: 319 creatures vanquished
